 Dungeon Crawl Stone Soup version 0.23-a0-844-gdc03e01 (webtiles) character file.

9610 tatocazan the Basher (level 11, -2/103 HPs)
             Began as a Gargoyle Fighter on Jan 26, 2019.
             Was a Priest of Makhleb.
             Slain by a death scarab (9 damage)
             ... in a Gauntlet.
             The game lasted 00:22:02 (11872 turns).

tatocazan the Basher (Gargoyle Fighter)            Turns: 11872, Time: 00:22:03

Health: -2/103     AC: 24    Str: 28    XL:     11   Next: 49%
Magic:  0/16       EV:  6    Int: 13    God:    Makhleb [***...]
Gold:   284        SH: 12    Dex:  9    Spells: 10/10 levels left

rFire    . . .     SeeInvis .   A - +9 trident of Icrotulani {flame, rElec MR+ Int+4}
rCold    . . .     Gourm    .   c - +0 shield
rNeg     + . .     Faith    .   D - +0 plate armour
rPois    ∞         Spirit   +   q - +0 helmet
rElec    +         Reflect  .   w - scarf {Spirit}
rCorr    .         Harm     .   n - +0 pair of gloves
MR       +....     NoTele   +   (no boots)
Stlth    ..........             (no amulet)
HPRegen  0.27/turn              C - ring of stealth
MPRegen  0.15/turn              l - ring of flight

@: berserking, slowed
A: negative energy resistance 1, electricity resistance, unbreathing,
petrification resistance, rot immunity, AC +8
a: Minor Destruction, Lesser Servant of Makhleb, Renounce Religion, Evoke Flight


You were in a Gauntlet.
You worshipped Makhleb.
Makhleb was most pleased with you.
You were hungry.

You visited 2 branches of the dungeon, and saw 12 of its levels.
You also visited: Gauntlet.

You collected 452 gold pieces.
You spent 168 gold pieces at shops.

Inventory:

Hand Weapons
 a - a +0 flail
 A - the +9 trident of Icrotulani (weapon) {flame, rElec MR+ Int+4}
   (You found it on level 6 of the Dungeon)

   It has been specially enchanted to burn those struck by it, causing extra
   injury to most foes and up to half again as much damage against particularly
   susceptible opponents.
   It affects your intelligence (+4).
   It insulates you from electricity.
   It affects your resistance to hostile enchantments.
Missiles
 j - 6 javelins (quivered)
Armour
 b - a +0 scale mail
 c - a +0 shield (worn)
 m - a +0 scale mail
 n - a +0 pair of gloves (worn)
 q - a +0 helmet (worn)
 w - a scarf of spirit shield (worn)
 y - the +2 ratskin cloak {+Rats rPois rN+ Str-1 Int-1 Dex+1}
   (You found it on level 5 of the Dungeon)

   It affects your strength (-1).
   It affects your intelligence (-1).
   It affects your dexterity (+1).
   It protects you from poison.
   It protects you from negative energy.
 D - a +0 plate armour (worn)
Jewellery
 l - a ring of flight (right hand)
 C - a ring of stealth (left hand)
 L - an uncursed amulet of regeneration {unknown}
Wands
 v - a wand of paralysis (7)
 z - a wand of disintegration (13)
 F - a wand of acid (6)
 H - a wand of flame (15)
Scrolls
 e - 2 scrolls of teleportation
 h - 3 scrolls of identify
 i - a scroll of magic mapping
 k - 3 scrolls of fear
 o - a scroll of immolation
 r - 3 scrolls of remove curse
 t - 2 scrolls of enchant weapon
 E - 3 scrolls of amnesia
 G - a scroll of random uselessness
 I - a scroll of enchant armour
 K - a scroll of fog {unknown}
Potions
 d - 2 potions of might
 g - a potion of resistance
 p - a potion of berserk rage
 s - a potion of curing
 u - 2 potions of haste
 x - a potion of flight
 J - a potion of lignification {unknown}
Comestibles
 f - 19 rations


   Skills:
 + Level 8.7 Fighting
 * Level 10.6 Maces & Flails
 + Level 8.8 Armour
 + Level 8.7 Shields
 + Level 7.0 Invocations


You had 10 spell levels left.
You didn't know any spells.
Your spell library contained the following spells:

 Spells                   Type           Power        Failure   Level  Hunger
 Confusing Touch          Hex            #.....       99%         1    ##.....
 Magic Dart               Conj           #...         99%         1    ##.....
 Blink                    Tloc           N/A          100%        2    ###....
 Call Imp                 Summ           #.......     100%        2    ###....
 Slow                     Hex            #.......     100%        2    ###....
 Confuse                  Hex            #.......     100%        3    ####...
 Conjure Flame            Conj/Fire      #.......     100%        3    ####...
 Gell's Gravitas          Tloc           #.........   100%        3    ####...
 Mephitic Cloud           Conj/Pois/Air  #.......     100%        3    ####...
 Petrify                  Tmut/Erth      #.......     100%        4    #####..
 Metabolic Englaciation   Hex/Ice        #.........   100%        5    ######.
 Yara's Violent Unravell  Hex/Tmut       #.........   100%        5    ######.


Dungeon Overview and Level Annotations

Branches:
Dungeon (11/15)            Temple (1/1) D:5            Lair (0/6) D:10
    Orc (0/2) D:11

Altars:
Ashenzari
Cheibriados
Dithmenos
Elyvilon
Fedhas
Hepliaklqana
Kikubaaqudgha
Makhleb
Nemelex Xobeh
Okawaru
Qazlal
Ru
Sif Muna
Trog
Uskayaw
Vehumet
Wu Jian
Yredelemnul
Zin
The Shining One

Shops:
D:5 *   D:6 *

Annotations:
D:5 5 runed doors
D:8 2 runed doors, Orethel's ghost, novice HuBe
D:10 1 runed door, SkeletonJelly's ghost, journeyman VSFi Gauntlet 7 transporters


Innate Abilities, Weirdness & Mutations

You are resistant to torment.
Your stone body is resilient. (AC +8)
You are immune to poison.
You resist negative energy. (rN+)
You are resistant to electric shocks. (rElec)
You can survive without breathing.
You are immune to petrification.
You are immune to rotting.


Message History

You feel better. The death scarab bites you.
* * * LOW HITPOINT WARNING * * *
The death scarab drains your vigour!
You feel as though you will be slow longer.
You block the death scarab's attack.
You regained 6 hp, and now have 13/69 hp.
You feel better.
The death scarab bites you but does no damage.
You block the death scarab's attack.
You regained 5 hp, and now have 18/69 hp.
You feel better. The death scarab bites you!!
* * * LOW HITPOINT WARNING * * *
The death scarab drains your vigour!
You feel as though you will be slow longer.
You block the death scarab's attack.
You take 13 damage, and have 5/69 hp.
You now have 0/16 mp.
A red film seems to cover your vision as you go berserk!
You feel yourself moving faster!
You feel mighty! You block the death scarab's attack.
The death scarab bites you!
You die...

##...#sass.....#...########
#≈...###########...........
##.....................8...
##.8.....8.....8..........
#≈...............#########
##...#########...#sZ......
#§...#.##..###...#s#.#.#.#
##...##ss##.[#####Z.#.#.#.
#§§..#.##@#.5#...#.#.#.#.#
##.8©##.#©.#©#©8©#..#.©.#.
#≈...#.#.#.#?#...#.#.#.#.#
##...#.#..##.#####..#.#.#.
#≈...##.##..##...#.#.#.#.#
##...#########...#........
≈....§.......... ####
##.8....§8.....8.
≈....§§........


You could see 2 death scarabs.

Vanquished Creatures
  2 death yaks
  A spectral death yak (Gauntlet)
  An unseen horror (D:9)
  A cyclops (D:11)
  A spriggan (D:7)
  2 hippogriffs
  A vampire (D:10)
  4 yaks (D:10)
  A hungry ghost (D:9)
  A spectral spiny frog (Gauntlet)
  2 porcupines (D:9)
  3 sky beasts
  3 orc warriors
  An ice beast (D:10)
  A necrophage (D:6)
  3 phantoms
  8 ogres
  6 centaurs
  4 big kobolds
  4 bullfrogs
  2 scorpions (D:9)
  10 killer bees
  8 wights
  A howler monkey (D:6)
  A crimson imp (D:5)
  2 jellies
  2 bullfrog skeletons
  2 hounds
  2 iguanas
  5 orc priests
  A centaur skeleton (D:10)
  2 hell rats
  11 orc wizards
  5 worker ants
  A killer bee zombie (D:7)
  A hound skeleton (D:8)
  4 worker ant zombies
  13 gnolls
  A howler monkey skeleton (D:7)
  7 river rats
  11 adders
  2 oozes
  2 worms
  2 dart slugs
  9 leopard geckos
  35 orcs
  4 giant cockroaches
  2 gnoll zombies (D:7)
  10 goblins
  12 hobgoblins
  6 jackals
  9 quokkas
  A ball python (D:3)
  9 bats
  9 frilled lizards
  24 kobolds
  A quokka skeleton (D:4)
  A quokka zombie (D:9)
  22 rats
302 creatures vanquished.

Vanquished Creatures (collateral kills)
  A death yak (D:9)
  An ogre (D:9)
  2 killer bees (D:7)
  An orc priest (D:10)
  2 orcs (D:10)
  2 kobolds (D:10)
9 creatures vanquished.

Grand Total: 311 creatures vanquished

Notes
Turn   | Place    | Note
-------+----------+-------------------------------------------
     0 | D:1      | tatocazan the Gargoyle Fighter began the quest for the Orb.
     0 | D:1      | Reached XP level 1. HP: 14/14 MP: 1/1
   392 | D:1      | Reached XP level 2. HP: 13/19 MP: 2/2
   887 | D:1      | Reached XP level 3. HP: 19/23 MP: 3/3
  1485 | D:2      | Reached skill level 3 in Maces & Flails
  1485 | D:2      | Reached XP level 4. HP: 28/29 MP: 4/4
  1524 | D:2      | Found a deep blue altar of Sif Muna.
  1779 | D:2      | Found a stormy altar of Qazlal.
  1839 | D:2      | Found a white marble altar of Elyvilon.
  2509 | D:4      | Reached XP level 5. HP: 21/33 MP: 5/5
  2824 | D:4      | Found a sacrificial altar of Ru.
  3053 | D:4      | Reached skill level 4 in Maces & Flails
  3061 | D:3      | Reached XP level 6. HP: 37/39 MP: 6/6
  3456 | D:4      | Noticed a phantom
  3479 | D:4      | Found a hazy altar of Hepliaklqana.
  3494 | D:4      | Killed a phantom
  3766 | D:4      | Found an ancient bone altar of Kikubaaqudgha.
  3905 | D:5      | Entered Level 5 of the Dungeon
  3995 | D:5      | Found the +9 staff of Olgreb {rPois}
  4191 | D:5      | Found Ofral's Assorted Antiques.
  4199 | D:5      | Bought a glowing scarf for 168 gold pieces
  4317 | D:5      | Found a staircase to the Ecumenical Temple.
  4364 | Temple   | Entered the Ecumenical Temple
  4392 | Temple   | Became a worshipper of Makhleb the Destroyer
  4618 | D:5      | Reached XP level 7. HP: 8/44 MP: 2/7
  4920 | D:5      | Found the +2 ratskin cloak {+Rats rPois rN+ Str-1 Int-1
                  | Dex+1}
  5016 | D:5      | Reached skill level 5 in Maces & Flails
  5016 | D:5      | Reached skill level 1 in Invocations
  5171 | D:5      | Reached skill level 5 in Fighting
  5171 | D:5      | Reached skill level 5 in Armour
  5171 | D:5      | Reached skill level 5 in Shields
  5192 | D:5      | Found a glowing golden altar of the Shining One.
  5353 | D:5      | Found a bloodstained altar of Trog.
  5364 | D:5      | Found a runed gate.
  5364 | D:5      | Noticed a soldier ant
  5365 | D:5      | Found a runed door.
  5381 | D:5      | Found a runed gate.
  5381 | D:5      | Found a runed gate.
  5383 | D:5      | Noticed a soldier ant
  5383 | D:5      | Noticed a soldier ant
  5383 | D:5      | Noticed a soldier ant
  5389 | D:5      | Reached XP level 8. HP: 33/49 MP: 7/9
  5406 | D:5      | Found an iron altar of Okawaru.
  5422 | D:5      | Reached * piety under Makhleb
  5558 | D:5      | Found a runed door.
  5841 | D:5      | Reached skill level 6 in Maces & Flails
  6652 | D:6      | Found Zin's Purification Station.
  6653 | D:6      | Found a glowing silver altar of Zin.
  6669 | D:6      | Found a shadowy altar of Dithmenos.
  6944 | D:6      | Got an ichor-stained trident
  6945 | D:6      | Identified the +9 trident of Icrotulani {flame, rElec MR+
                  | Int+4} (You found it on level 6 of the Dungeon)
  7163 | D:7      | Reached skill level 7 in Maces & Flails
  7163 | D:7      | Reached XP level 9. HP: 55/55 MP: 11/11
  7326 | D:7      | Reached ** piety under Makhleb
  7482 | D:7      | Found a basalt altar of Yredelemnul.
  7964 | D:8      | Found a large runed door.
  7966 | D:8      | Found a large runed door.
  7970 | D:8      | Noticed Orethel's ghost (novice HuBe)
  8066 | D:8      | Found a sparkling altar of Nemelex Xobeh.
  8150 | D:8      | Reached skill level 8 in Maces & Flails
  8526 | D:9      | Killed an unseen horror
  8526 | D:9      | Reached skill level 5 in Invocations
  8526 | D:9      | Reached XP level 10. HP: 63/63 MP: 13/13
  8685 | D:9      | Found a radiant altar of Vehumet.
  8781 | D:9      | Reached *** piety under Makhleb
  8834 | D:9      | Reached skill level 9 in Maces & Flails
  9784 | D:10     | Entered Level 10 of the Dungeon
  9938 | D:10     | Noticed a death yak
  9940 | D:10     | Found a staircase to the Lair.
  9976 | D:9      | Reached **** piety under Makhleb
 10131 | D:9      | Killed a death yak
 10548 | D:10     | Noticed a death yak
 10551 | D:10     | Noticed a death yak
 10556 | D:10     | Reached XP level 11. HP: 60/68 MP: 12/15
 10566 | D:10     | Found a runed door.
 10584 | D:10     | Killed a death yak
 10584 | D:10     | Reached skill level 10 in Maces & Flails
 10602 | D:9      | Killed a death yak
 11527 | D:10     | Noticed SkeletonJelly's ghost (journeyman VSFi)
 11723 | D:11     | Noticed a cyclops
 11731 | D:11     | Killed a cyclops
 11745 | D:11     | Found a gate leading to a gauntlet.
 11751 | Gauntlet | Entered a Gauntlet
 11751 | Gauntlet | Found a transporter.
 11754 | Gauntlet | Found a transporter.
 11755 | Gauntlet | Noticed a spectral death yak
 11755 | Gauntlet | Noticed a death scarab
 11765 | Gauntlet | Found a transporter.
 11765 | Gauntlet | Noticed an entropy weaver
 11765 | Gauntlet | Noticed a death scarab
 11767 | Gauntlet | Found a transporter.
 11767 | Gauntlet | Noticed a wolf spider
 11769 | Gauntlet | Found a transporter.
 11770 | Gauntlet | Found a transporter.
 11790 | Gauntlet | Found a transporter.
 11790 | Gauntlet | Noticed an entropy weaver
 11791 | Gauntlet | Noticed a death scarab
 11791 | Gauntlet | Noticed a death scarab
 11796 | Gauntlet | Found a transporter.
 11847 | Gauntlet | Killed a spectral death yak
 11872 | Gauntlet | Slain by a death scarab

Vault maps used:
D:1:      dpeg_arrival_chambers_temple_mockup, chequers_serial_rivers_micro_a,
          minivault_25
D:2:      marbit_many_paths, elyvilon_altar_5, nicolae_overflow_crystal_walls
D:4:      lemuel_crystal_altar, lemuel_crystal_altar, kennysheep_little_box,
          first_ration
D:5:      wander_guarded_unrand_ratskin, kennysheep_mini,
          nicolae_overflow_hidden_temple, okawaru_trees_2,
          minmay_temple_entry_enclosed_plants, serial_shops,
          nicolae_shop_crystal, kennysheep_nondescript,
          minmay_guarded_unrand_staff_of_olgreb
D:6:      zin_purify, nicolae_dithmenos_through_a_glass_darkly
D:7:      lemuel_zombie_altar_yredelemnul, the_bakery, st_stairs_11
D:8:      lemuel_doored_altar, ebering_ghost_disaster_area
D:9:      old_standard_altar
D:10:     dpeg_lair_monsters, ebering_ghost_reflecting_pool
D:11:     hiddenorc2_lemuel, gauntlet_entry_generic, uniq_snorg
Temple:   compressed_dpeg_triangle_lava_temple
Gauntlet: minmay_gauntlet_mixed_oops_all_seconds

Skill      XL: |  1  2  3  4  5  6  7  8  9 10 11 |
---------------+----------------------------------+-----
Maces & Flails | 3 4 5 7 8 9 10 | 10.6
Fighting       | 4 5 6 7 8 |  8.7
Armour         | 4 5 6 7 8 |  8.8
Shields        | 4 5 6 7 8 |  8.7
Invocations    | 2 3 5 6 7 |  7.0

Action                   |  1- 3 |  4- 6 |  7- 9 | 10-12 || total
-------------------------+-------+-------+-------+-------++-------
Melee: Flail             |   150 |   388 |   259 |       ||   797
       Trident           |       |       |   161 |   371 ||   532
Invok: Lesser Servant of |       |       |       |     6 ||     6
 Abil: Evoke Ratskin     |       |       |     1 |       ||     1
Evoke: Wand              |       |       |     3 |     5 ||     8
  Use: Scroll            |       |    10 |       |     9 ||    19
       Potion            |       |       |       |     5 ||     5
  Eat: Chunk             |     2 |     7 |    14 |    13 ||    36
       Ration            |       |     1 |       |       ||     1
Armor: Scale mail        |    86 |   230 |   233 |    52 ||   601
       Plate armour      |       |       |       |   276 ||   276
Dodge: Dodged            |    46 |   160 |   129 |   104 ||   439
Block: Shield            |    87 |   227 |   198 |   253 ||   765

Table legend:
 A = Non-vault XP
 B = Vault XP
 C = Vault XP percentage of total XP
 D = Non-vault monster count
 E = Vault monster count
 F = Vault count percentage of total count
                 A         B        C        D         E       F
            +---------+---------+-------+---------+---------+-------
      Total |   10063 |    3666 |  26.7 |     273 |      38 |  12.2
            +---------+---------+-------+---------+---------+-------
        D:1 |      41 |       0 |   0.0 |      22 |       0 |   0.0
        D:2 |      65 |      13 |  16.7 |      31 |       1 |   3.1
        D:3 |      51 |       0 |   0.0 |      23 |       0 |   0.0
        D:4 |     391 |       0 |   0.0 |      24 |       0 |   0.0
        D:5 |     757 |     131 |  14.8 |      21 |      21 |  50.0
        D:6 |     622 |       0 |   0.0 |      18 |       0 |   0.0
        D:7 |     983 |     288 |  22.7 |      28 |       5 |  15.2
        D:8 |     737 |       0 |   0.0 |      14 |       0 |   0.0
        D:9 |    3202 |    1683 |  34.5 |      56 |       7 |  11.1
       D:10 |    2625 |     782 |  23.0 |      34 |       2 |   5.6
       D:11 |     589 |       0 |   0.0 |       2 |       0 |   0.0
   Gauntlet |       0 |     769 | 100.0 |       0 |       2 | 100.0
            +---------+---------+-------+---------+---------+-------
